 Dungeon Crawl Stone Soup version 0.30.0-20-g3615ddf2f0 (webtiles) character file.

Game seed: 2840926127675855692

28 qw the Shield-Bearer (level 3, -4/23 HPs)
             Began as a Gargoyle Fighter on May 27, 2023.
             Slain by an ogre
             ... wielding a +0 giant spiked club
              (27 damage)
             ... on level 2 of the Dungeon.
             The game lasted 00:00:25 (650 turns).

qw the Shield-Bearer (Gargoyle Fighter)              Turns: 650, Time: 00:00:25

Health: -4/23      AC: 12    Str: 21    XL:     3   Next: 12%
Magic:  3/3        EV:  9    Int:  8    God:
Gold:   42         SH:  4    Dex:  9    Spells: 2/2 levels left

rFire   . . .        e - +0 broad axe (flame)
rCold   . . .        c - +0 buckler
rNeg    + . .        b - +0 scale mail
rPois   inf          f - +0 helmet
rElec   +            (no cloak)
rCorr   .            (no gloves)
SInv    .            j - +0 pair of boots
Will    .....        (no amulet) Stlth
                     (no ring)
HPRegen 0.23/turn    (no ring)
MPRegen 0.08/turn

%: no passive effects
@: no status effects
A: sickness immunity, AC +3, negative energy resistance 1, electricity
resistance, torment resistance 1, petrification resistance
a: no special abilities


You were on level 2 of the Dungeon.
You visited 1 branch of the dungeon, and saw 2 of its levels.

You collected 42 gold pieces.


Innate Abilities, Weirdness & Mutations

You are immune to sickness and miasma.
Your stone body is resilient. (AC +3)
You are immune to poison.
You resist negative energy. (rN+)
You are resistant to electric shocks. (rElec)
You are resistant to unholy torment.
You are immune to petrification.


   Skills:
 - Level 3.2 Fighting
 + Level 3.2 Axes
 - Level 3.2 Armour
 - Level 3.2 Shields


You had 2 spell levels left.
You didn't know any spells.
Your spell library was empty.

Inventory:

Hand Weapons
 e - a +0 broad axe of flaming (weapon)
Armour
 b - a +0 scale mail (worn)
 c - a +0 buckler (worn)
 f - a +0 helmet (worn)
 j - a +0 pair of boots (worn)
Jewellery
 h - a ring of fire
Scrolls
 a - a scroll of teleportation
Potions
 d - a potion of might
 l - a potion of resistance {unknown}

Dungeon Overview and Level Annotations

Branches:
Dungeon (2/15)

Altars:


Message History

Done exploring.
618 ||| DRINKING 3 fuming emerald potions.
It was a potion of ambrosia.
You are confused.
You feel invigorated.
You feel less invigorated.
You feel less confused.
Done exploring.
621 ||| DROPPING 2 scrolls of blinking.
You drop 2 scrolls of blinking.
Done exploring.
622 ||| DROPPING 2 potions of ambrosia.
You drop 2 potions of ambrosia.
Done exploring.
(D) Dungeon
Where to? (* - list waypoints, ? - help)
What level of the Dungeon? (default 1, ? - help)
There is a stone staircase leading down here.
You climb downwards.
The ogre shouts!
You hear an angry hiss.
Found 11 gold pieces.
There is a stone staircase leading up here.
There are monsters nearby!
Waypoint 1 assigned to D:2.
The bat hits you but does no damage.
An adder comes into view.
The adder hisses angrily.
You hit the ogre. You burn the ogre.
The ogre is lightly wounded.
The ogre barely misses you.
You hit the ogre. You burn the ogre.
The ogre is moderately wounded.
The ogre misses you.
A worm comes into view.
You barely miss the ogre.
The ogre is moderately wounded.
You block the ogre's attack.
You slash the ogre! You burn the ogre.
The ogre is severely wounded.
The ogre hits you with a +0 giant spiked club!!
Ouch! That really hurt!
You die...

#. #. .. #
#. #.##$
..S
#O###.####
#.@.......
#####.####


You could see an ogre and an adder.

Vanquished Creatures
  A gnoll (D:1)
  2 dart slugs (D:1)
  A bat (D:1)
  A giant cockroach (D:1)
  2 hobgoblins (D:1)
  A quokka (D:1)
  A frilled lizard (D:1)
  A goblin (D:1)
  3 kobolds (D:1)
  3 rats (D:1)
16 creatures vanquished.

Notes
Turn   | Place    | Note
-------+----------+-------------------------------------------
     0 | D:1      | qw the Gargoyle Fighter began the quest for the Orb.
     0 | D:1      | Reached XP level 1. HP: 14/14 MP: 1/1
     0 | D:1      | 0 ||| qw: Version: 0.2-a-99-gce666ed
     0 | D:1      | 0 ||| qw: Game counter: 154
     0 | D:1      | 0 ||| qw: Always use a shield: true
     0 | D:1      | 0 ||| qw: God list: Okawaru
     0 | D:1      | 0 ||| qw: Allow faded altars: false
     0 | D:1      | 0 ||| qw: Do Orc after D:15 true
     0 | D:1      | 0 ||| qw: Do second Lair branch before Depths: true
     0 | D:1      | 0 ||| qw: Lair rune preference: random
     0 | D:1      | 0 ||| qw: Plans: Normal, Zot:1-4, God:TSO, Crypt, Tomb,
                  | Pan, Slime:5, Hells, Abyss, Win
     0 | D:1      | 0 ||| PLANNING D:1-11
     8 | D:1      | 8 ||| Stepping ~*~*~tactically~*~*~ (hiding).
     9 | D:1      | 9 ||| Stepping ~*~*~tactically~*~*~ (hiding).
    10 | D:1      | 10 ||| Stepping ~*~*~tactically~*~*~ (hiding).
    11 | D:1      | 11 ||| Stepping ~*~*~tactically~*~*~ (hiding).
    12 | D:1      | 12 ||| Stepping ~*~*~tactically~*~*~ (hiding).
   169 | D:1      | Reached XP level 2. HP: 16/19 MP: 2/2
   309 | D:1      | Reached skill level 3 in Axes
   391 | D:1      | 391 ||| Stepping ~*~*~tactically~*~*~ (hiding).
   399 | D:1      | Reached XP level 3. HP: 20/23 MP: 3/3
   533 | D:1      | Found a faded altar of an unknown god.
   597 | D:1      | 597 ||| UPGRADING to +0 helmet.
   602 | D:1      | 602 ||| UPGRADING to +0 pair of boots.
   607 | D:1      | 607 ||| READING 2 scrolls labelled KIGAELU RAHAPS.
   611 | D:1      | 611 ||| READING 3 scrolls labelled EDEROCSO CACOFF.
   612 | D:1      | 612 ||| READING scroll labelled ZAODUIMINU.
   613 | D:1      | 613 ||| READING scroll labelled XIWEKE OGOA.
   613 | D:1      | Identified a scroll of acquirement
   613 | D:1      | 613 ||| ACQUIRING +0 broad axe of flaming
   613 | D:1      | Acquired a +0 broad axe of flaming
   615 | D:1      | 615 ||| SWAPPING to +0 broad axe of flaming.
   616 | D:1      | 616 ||| DROPPING +0 whip.
   617 | D:1      | 617 ||| DROPPING +0 war axe.
   618 | D:1      | 618 ||| DRINKING 3 fuming emerald potions.
   621 | D:1      | 621 ||| DROPPING 2 scrolls of blinking.
   622 | D:1      | 622 ||| DROPPING 2 potions of ambrosia.
   642 | D:2      | Noticed an ogre
   650 | D:2      | Slain by an ogre

Levels and vault maps discovered:
D:1:      wheals_arrival_shading, layout_rooms,
          dilly_ecumenical_altar_fadedgnrine
D:2:      layout_loops_ring, grunt_decor_fettered

Skill      XL: |  1  2 |
---------------+-------+-----
Axes           | 2 3 |  3.2
Fighting       | |  3.2
Armour         | |  3.2
Shields        | |  3.2

Action                     || total
---------------------------++-------
  Melee: War axe           ||    40
         Broad axe         ||     4
    Use: Scroll            ||     4
         Potion            ||     1
 Armour: Scale mail        ||    18
  Dodge: Dodged            ||    18
  Block: Buckler           ||     3

Table legend:
 A = Non-vault XP
 B = Vault XP
 C = Vault XP percentage of total XP
 D = Non-vault monster count
 E = Vault monster count
 F = Vault count percentage of total count
                 A         B        C        D         E       F
            +---------+---------+-------+---------+---------+-------
      Total |      40 |       0 |   0.0 |      16 |       0 |   0.0
            +---------+---------+-------+---------+---------+-------
        D:1 |      40 |       0 |   0.0 |      16 |       0 |   0.0
            +---------+---------+-------+---------+---------+-------
